General information
- name: BNet
- type: Ladder team game (AT/RT)
- host: Battle.net
- saver: bangolabud.
map: GolemsInTheMist
- players: 8
- length: 30:55
- speed: Fast
- version: 1.26 W3XP
- replay type: Public
» download(193 KB)
Players
team 1 (winner)

»
bmwaudi (
blue | 38 APM | 818 actions | 21:15)
5 Archmage
3 Summon Water Elemental
2 Brilliance Aura
4 Paladin
2 Holy Light
2 Devotion Aura
» actions
| Assign group hotkey | 4 | |
| Basic commands | 69 | |
| Build / train | 73 | |
| Enter build submenu | 19 | |
| Enter hero's abilities submenu | 10 | |
| Remove unit from queue | 2 | |
| Right click | 323 | |
| Select / deselect | 258 | |
| Select group hotkey | 3 | |
| Use ability | 57 | |
818 total
» units
| Peasant | 9 | |
| Rifleman | 24 | |
| Siege Engine | 14 | |
47 total
» upgrades
| Gunpowder | 3 | |
| Armor | 2 | |
| Long Rifles | 1 | |
| Lumber Harvesting | 1 | |
| Fragmentation Shards | 0 | |
| Barrage | 1 | |
8 total
» buildings
| Altar of Kings | 1 | |
| Blacksmith | 1 | |
| Farm | 10 | |
| Barracks | 1 | |
| Arcane Vault | 1 | |
| Lumber Mill | 1 | |
| Keep | 1 | |
| Castle | 1 | |
| Workshop | 1 | |
18 total
» build order
00:09 Altar of Kings
00:17 Blacksmith
00:23 Farm
00:52 Farm
01:55 Barracks
02:36 Arcane Vault
02:39 Farm
02:50 Lumber Mill
03:26 Farm
04:08 Keep
05:51 Farm
06:40 Castle
06:54 Farm
07:49 Farm
07:52 Workshop
09:53 Farm
14:46 Farm
14:47 Farm
» items
DaiDai (
teal | 89 APM | 1902 actions | 21:17)
4 Archmage
2 Summon Water Elemental
2 Brilliance Aura
» actions
| Assign group hotkey | 7 | |
| Basic commands | 1 | |
| Build / train | 65 | |
| ESC pressed | 6 | |
| Enter build submenu | 21 | |
| Enter hero's abilities submenu | 4 | |
| Give item / drop item | 1 | |
| Right click | 1130 | |
| Select / deselect | 327 | |
| Select group hotkey | 184 | |
| Use ability | 156 | |
1902 total
» units
| Peasant | 22 | |
| Footman | 5 | |
| Mortar Team | 5 | |
| Goblin Shredder | 3 | |
| Goblin Zeppelin | 5 | |
40 total
» upgrades
» buildings
| Farm | 11 | |
| Barracks | 1 | |
| Altar of Kings | 1 | |
| Lumber Mill | 1 | |
| Scout Tower | 1 | |
| Arcane Tower | 2 | |
| Keep | 5 | |
| Blacksmith | 1 | |
| Workshop | 2 | |
| Town Hall | 4 | |
| Castle | 1 | |
30 total
» build order
00:27 Farm
00:34 Barracks
00:53 Altar of Kings
01:04 Farm
01:31 Lumber Mill
01:58 Scout Tower
02:25 Arcane Tower
02:25 Arcane Tower
03:32 Keep
03:32 Keep
03:33 Keep
03:43 Farm
03:44 Farm
04:57 Blacksmith
05:54 Workshop
05:56 Workshop
07:02 Farm
07:24 Farm
07:24 Farm
08:27 Town Hall
08:58 Town Hall
10:06 Farm
10:07 Farm
11:37 Castle
11:39 Farm
11:41 Farm
12:30 Town Hall
18:07 Town Hall
» items
| Healing Salve | 1 | |
| Lesser Clarity Potion | 1 | |
| Scroll of Speed | 1 | |
| Scroll of Town Portal | 1 | |
4 total
bangolabud. (
yellow | 45 APM | 1394 actions | 30:55)
4 Blademaster
2 Wind Walk
2 Critical Strike
» actions
| Assign group hotkey | 22 | |
| Basic commands | 45 | |
| Build / train | 80 | |
| Enter build submenu | 19 | |
| Enter hero's abilities submenu | 4 | |
| Give item / drop item | 4 | |
| Right click | 507 | |
| Select / deselect | 191 | |
| Select group hotkey | 463 | |
| Use ability | 59 | |
1394 total
» units
| Peon | 15 | |
| Goblin Shredder | 1 | |
| Wind Rider | 5 | |
| Goblin Zeppelin | 11 | |
| Goblin Sapper | 2 | |
| Raider | 23 | |
57 total
» upgrades
| Ranged Weapons | 3 | |
| Armor | 3 | |
| Reinforced Defenses | 1 | |
| Envenomed Spears | 1 | |
| Melee Weapons | 1 | |
9 total
» buildings
| Orc Burrow | 6 | |
| Altar of Storms | 1 | |
| Stronghold | 1 | |
| War Mill | 1 | |
| Voodoo Lounge | 1 | |
| Beastiary | 9 | |
| Fortress | 2 | |
| Great Hall | 1 | |
| Watch Tower | 15 | |
37 total
» build order
00:12 Orc Burrow
00:42 Altar of Storms
02:08 Stronghold
02:21 War Mill
02:27 Voodoo Lounge
02:35 Orc Burrow
02:53 Orc Burrow
04:47 Beastiary
04:48 Beastiary
05:20 Orc Burrow
06:39 Fortress
08:20 Great Hall
08:25 Watch Tower
08:25 Watch Tower
08:26 Watch Tower
08:30 Watch Tower
08:33 Watch Tower
08:52 Watch Tower
11:03 Orc Burrow
11:03 Orc Burrow
11:36 Beastiary
11:36 Beastiary
11:38 Beastiary
13:36 Watch Tower
13:36 Watch Tower
13:36 Watch Tower
13:37 Watch Tower
13:38 Watch Tower
13:39 Watch Tower
13:42 Watch Tower
13:43 Watch Tower
13:43 Watch Tower
15:12 Beastiary
15:13 Beastiary
18:11 Beastiary
» items
| Healing Salve | 2 | |
| Scroll of Town Portal | 1 | |
| Tiny Great Hall | 1 | |
| Orb of Lightning | 1 | |
| Potion of Healing | 1 | |
6 total

»
z.ro (
orange | 54 APM | 1180 actions | 21:47)
3 Demon Hunter
2 Immolation
1 Evasion
» actions
| Assign group hotkey | 3 | |
| Build / train | 61 | |
| Enter build submenu | 16 | |
| Enter hero's abilities submenu | 3 | |
| Right click | 928 | |
| Select / deselect | 140 | |
| Select group hotkey | 1 | |
| Use ability | 28 | |
1180 total
» units
| Wisp | 14 | |
| Archer | 3 | |
| Huntress | 9 | |
| Druid of the Talon | 4 | |
| Dryad | 15 | |
| Mountain Giant | 3 | |
48 total
» upgrades
| Strength of the Wild | 3 | |
| Druid of the Talon Training | 1 | |
| Abolish Magic | 1 | |
| Reinforced Hides | 1 | |
6 total
» buildings
| Altar of Elders | 1 | |
| Moon Well | 6 | |
| Ancient of War | 1 | |
| Hunter's Hall | 1 | |
| Ancient of Wonders | 1 | |
| Tree of Ages | 1 | |
| Tree of Eternity | 1 | |
| Ancient of Wind | 1 | |
| Chimaera Roost | 2 | |
| Ancient of Lore | 2 | |
17 total
» build order
00:09 Altar of Elders
00:15 Moon Well
01:12 Ancient of War
01:52 Moon Well
02:50 Hunter's Hall
03:47 Moon Well
04:16 Ancient of Wonders
06:39 Tree of Ages
06:42 Moon Well
09:01 Tree of Eternity
09:04 Ancient of Wind
11:29 Chimaera Roost
11:33 Chimaera Roost
12:06 Ancient of Lore
12:08 Ancient of Lore
12:17 Moon Well
20:47 Moon Well
» items
team 2 (loser)
Theory- (
red | 49 APM | 1517 actions | 30:54)
3 Keeper of the Grove
2 Entangling Roots
1 Thorns Aura
2 Priestess of the Moon
1 Searing Arrows
1 Trueshot Aura
» actions
| Assign group hotkey | 21 | |
| Basic commands | 81 | |
| Build / train | 72 | |
| Enter build submenu | 29 | |
| Enter hero's abilities submenu | 5 | |
| Remove unit from queue | 2 | |
| Right click | 450 | |
| Select / deselect | 343 | |
| Select group hotkey | 442 | |
| Use ability | 72 | |
1517 total
» units
| Wisp | 14 | |
| Archer | 9 | |
| Grunt | 2 | |
| Hippogryph | 5 | |
| Shaman | 5 | |
| Druid of the Talon | 2 | |
| Tauren | 1 | |
38 total
» upgrades
| Strength of the Moon | 3 | |
| Armor | 1 | |
| Moon Armor | 1 | |
| Improved Bows | 1 | |
| Melee Weapons | 2 | |
| Hippogryph Taming | 1 | |
| Shaman Training | 2 | |
| Marksmanship | 1 | |
| Pulverize | 1 | |
| Druid of the Talon Training | 1 | |
14 total
» buildings
| Moon Well | 10 | |
| Altar of Elders | 1 | |
| Ancient of War | 1 | |
| Hunter's Hall | 2 | |
| Ancient Protector | 2 | |
| Tree of Ages | 1 | |
| Stronghold | 1 | |
| Ancient of Wind | 3 | |
| Fortress | 1 | |
| Tree of Eternity | 3 | |
| Spirit Lodge | 1 | |
| Orc Burrow | 3 | |
| Tauren Totem | 2 | |
31 total
» build order
01:05 Moon Well
01:06 Moon Well
01:08 Altar of Elders
01:14 Moon Well
01:18 Moon Well
02:23 Ancient of War
02:52 Hunter's Hall
02:56 Hunter's Hall
03:18 Moon Well
04:15 Ancient Protector
05:10 Tree of Ages
05:29 Ancient Protector
06:01 Stronghold
06:23 Moon Well
08:29 Ancient of Wind
08:31 Ancient of Wind
08:46 Fortress
09:00 Tree of Eternity
09:01 Tree of Eternity
09:01 Tree of Eternity
09:19 Spirit Lodge
09:24 Orc Burrow
09:28 Orc Burrow
12:03 Tauren Totem
13:12 Ancient of Wind
13:22 Moon Well
13:30 Tauren Totem
14:05 Moon Well
14:50 Orc Burrow
15:04 Moon Well
22:39 Moon Well
» items
| Lesser Clarity Potion | 1 | |
| Scroll of Town Portal | 1 | |
2 total
archie (
purple | 71 APM | 333 actions | 04:39)
1 Far Seer
1 Feral Spirit
» actions
| Assign group hotkey | 8 | |
| Build / train | 13 | |
| Enter build submenu | 14 | |
| Enter hero's abilities submenu | 1 | |
| Remove unit from queue | 1 | |
| Right click | 159 | |
| Select / deselect | 55 | |
| Select group hotkey | 67 | |
| Use ability | 15 | |
333 total
» units
» buildings
| Altar of Storms | 1 | |
| Orc Burrow | 4 | |
| Voodoo Lounge | 1 | |
| War Mill | 1 | |
| Barracks | 1 | |
| Watch Tower | 1 | |
9 total
» build order
00:09 Altar of Storms
00:12 Orc Burrow
00:19 Orc Burrow
00:25 Voodoo Lounge
01:28 Orc Burrow
01:49 War Mill
02:19 Barracks
02:49 Orc Burrow
03:34 Watch Tower
Sieg.Heil (
pink | 78 APM | 2405 actions | 30:53)
6 Blood Mage
3 Flame Strike
2 Banish
1 Summon Phoenix
5 Mountain King
3 Storm Bolt
2 Bash
» actions
| Assign group hotkey | 36 | |
| Basic commands | 168 | |
| Build / train | 136 | |
| Enter build submenu | 34 | |
| Enter hero's abilities submenu | 11 | |
| Give item / drop item | 3 | |
| Right click | 1075 | |
| Select / deselect | 451 | |
| Select group hotkey | 385 | |
| Use ability | 106 | |
2405 total
» units
| Peasant | 18 | |
| Footman | 11 | |
| Peon | 2 | |
| Goblin Shredder | 2 | |
| Gryphon Rider | 9 | |
| Dragonhawk Rider | 4 | |
46 total
» upgrades
| Spiked Barricades | 2 | |
| Masonry | 3 | |
| Lumber Harvesting | 2 | |
| Berserker Strength | 1 | |
| Animal War Training | 1 | |
| Swords | 3 | |
| Reinforced Defenses | 1 | |
| Pillage | 1 | |
| Storm Hammers | 1 | |
| Cloud | 1 | |
| Backpack | 1 | |
| Armor | 4 | |
| Defend | 1 | |
22 total
» buildings
| Altar of Kings | 1 | |
| Farm | 8 | |
| Barracks | 1 | |
| Arcane Vault | 1 | |
| Lumber Mill | 1 | |
| Town Hall | 2 | |
| Scout Tower | 10 | |
| Guard Tower | 14 | |
| Watch Tower | 5 | |
| Keep | 1 | |
| Castle | 1 | |
| Gryphon Aviary | 2 | |
| Blacksmith | 1 | |
48 total
» build order
00:04 Altar of Kings
00:08 Farm
00:21 Barracks
00:58 Farm
01:44 Arcane Vault
02:24 Lumber Mill
03:19 Farm
03:37 Town Hall
03:49 Scout Tower
03:52 Scout Tower
04:21 Guard Tower
04:22 Guard Tower
04:46 Watch Tower
04:52 Watch Tower
04:57 Guard Tower
05:17 Scout Tower
05:20 Scout Tower
05:23 Scout Tower
05:48 Keep
05:53 Guard Tower
06:00 Watch Tower
06:03 Watch Tower
06:33 Guard Tower
06:48 Scout Tower
06:49 Scout Tower
06:50 Scout Tower
06:58 Guard Tower
07:20 Guard Tower
07:49 Scout Tower
07:52 Scout Tower
08:23 Castle
08:27 Gryphon Aviary
08:29 Gryphon Aviary
09:23 Guard Tower
09:28 Blacksmith
10:11 Guard Tower
10:15 Guard Tower
10:56 Farm
11:03 Farm
11:05 Farm
16:04 Watch Tower
18:36 Farm
18:36 Farm
21:03 Guard Tower
21:12 Guard Tower
22:40 Town Hall
» items
| Scroll of Regeneration | 11 | |
| Ivory Tower | 7 | |
| Scroll of Town Portal | 4 | |
| Mechanical Critter | 4 | |
| Orb of Fire | 2 | |
| Potion of Healing | 3 | |
| Lesser Clarity Potion | 5 | |
| Orb of Corruption | 1 | |
| Scroll of Healing | 2 | |
39 total
KuKIuxKnight (
green | 51 APM | 1584 actions | 30:53)
8 Death Knight
3 Death Coil
3 Unholy Aura
1 Animate Dead
1 Death Pact
» actions
| Assign group hotkey | 67 | |
| Basic commands | 86 | |
| Build / train | 63 | |
| Enter build submenu | 29 | |
| Enter hero's abilities submenu | 9 | |
| Remove unit from queue | 1 | |
| Right click | 776 | |
| Select / deselect | 328 | |
| Select group hotkey | 86 | |
| Use ability | 139 | |
1584 total
» units
» upgrades
| Creature Attack | 3 | |
| Creature Carapace | 3 | |
| Stone Form | 1 | |
7 total
» buildings
| Crypt | 5 | |
| Ziggurat | 19 | |
| Altar of Darkness | 2 | |
| Tomb of Relics | 1 | |
| Halls of the Dead | 1 | |
| Graveyard | 1 | |
| Black Citadel | 1 | |
| Spirit Tower | 4 | |
| Sacrificial Pit | 1 | |
35 total
» build order
00:06 Crypt
00:09 Ziggurat
00:40 Crypt
00:57 Ziggurat
01:34 Altar of Darkness
01:37 Altar of Darkness
02:27 Tomb of Relics
02:54 Ziggurat
04:39 Halls of the Dead
06:51 Graveyard
07:53 Crypt
07:54 Crypt
09:30 Black Citadel
09:33 Ziggurat
09:33 Ziggurat
09:34 Ziggurat
09:37 Ziggurat
09:38 Ziggurat
09:39 Ziggurat
11:09 Spirit Tower
12:39 Spirit Tower
13:28 Ziggurat
13:28 Ziggurat
13:29 Ziggurat
13:29 Ziggurat
13:29 Ziggurat
13:30 Ziggurat
14:57 Spirit Tower
15:47 Crypt
15:48 Ziggurat
15:49 Ziggurat
17:32 Sacrificial Pit
18:27 Ziggurat
18:28 Ziggurat
19:43 Spirit Tower
» items
| Rod of Necromancy | 1 | |
| Scroll of Town Portal | 1 | |
| Orb of Corruption | 1 | |
| Scroll of Healing | 1 | |
| Potion of Mana | 3 | |
| Potion of Healing | 1 | |
8 total
Chat log
(00:13 / Allies) DaiDai: me rushshs
(00:16 / Allies) bangolabud.: cc
(00:17 / Allies) bangolabud.: no rush
(00:19 / Allies) bangolabud.: im going wyvernsb ats
(00:55 / Allies) z.ro: rush
(00:56 / Allies) z.ro: ok
(00:58 / Allies) z.ro: shut up
(00:59 / Allies) DaiDai: techer
(01:02 / Allies) DaiDai: all rush
(02:16 / Allies) bangolabud.: wood
(02:39 / Allies) DaiDai: no bbarrack
(03:07 / Allies) z.ro: what tha fuck u guys doing
(03:10 / Allies) z.ro: u guys totally suck
(03:13 / Allies) z.ro: teal
(03:14 / Allies) z.ro: shut up
(03:29 / Allies) z.ro: u cant rush by yourself
(04:30 / All) z.ro: omg my team sucks
(04:41 / All) DaiDai: bravo
(04:42 / Allies) DaiDai: lol
(04:52 / Allies) z.ro: :P
(04:57 / All) z.ro: :P
(05:01 / All) Sieg.Heil: We got a spic
(05:06 / All) Sieg.Heil: Purple the ragequitter
(05:25 / All) z.ro: mh P?
(05:31 / All) z.ro: Lol..
(05:36 / All) Sieg.Heil: I anticipated you would hit him
(05:43 / All) z.ro: lol
(05:46 / All) Sieg.Heil: What do you think people do when someone lags out?
(09:29 / Allies) DaiDai: who dies first
(09:32 / Allies) bangolabud.: red
(09:36 / Allies) DaiDai: ok go
(10:20 / All) DaiDai: gg all
(10:29 / Allies) z.ro: why?
(10:31 / All) Sieg.Heil: GG, leave please you lost
(10:36 / All) DaiDai: we won gg
(10:48 / All) Sieg.Heil: No, it's already over and you lost
(11:47 / Allies) DaiDai: gargs
(12:15 / Allies) bangolabud.: gold?
(12:27 / Allies) bangolabud.: ill kill pink
(12:49 / All) Sieg.Heil: Bye, gg
(12:51 / All) Sieg.Heil: You can leave now
(13:07 / All) Sieg.Heil: I appreciate the sapper help yellow
(13:09 / All) z.ro: lol u map hack hahaha
(13:13 / All) z.ro: its funny
(13:15 / All) bangolabud.: didnt wna tu to get expo for killing hall
(13:16 / All) Sieg.Heil: Nope
(13:16 / All) z.ro: how u deny it
(13:18 / All) z.ro: its ok man
(13:22 / All) z.ro: u suc
(13:26 / All) Sieg.Heil: There might be a spy on the other team giving me info
(13:29 / All) Sieg.Heil: But no maphack
(13:58 / Allies) bmwaudi: come to me orange
(14:07 / All) Sieg.Heil: The Reich spies tell me all
(14:15 / Allies) DaiDai: orange = noob sucker
(14:30 / All) z.ro: lol
(14:32 / All) z.ro: look at oyu
(14:35 / All) KuKIuxKnight: Wanted to type
(14:37 / All) z.ro: lol
(16:15 / Allies) DaiDai: gogog yellow
(16:21 / All) KuKIuxKnight: yes I have
(16:39 / All) Theory-: Gg im in noob team
(16:44 / All) DaiDai: gg
(16:48 / All) Sieg.Heil: You lost gg leave
(17:25 / All) z.ro: lol
(17:26 / All) z.ro: mh
(17:28 / All) z.ro: hahahaha
(18:10 / All) Theory-: nice pink
(18:17 / All) Theory-: killing teamate
(18:29 / All) Sieg.Heil: You tried to Bs with it
(18:53 / All) Theory-: noob gaem
(18:55 / All) DaiDai: gg noobs
(19:07 / All) Theory-: 2 noob techer one noob leaveer playing with pro.... nice match
(19:11 / Allies) DaiDai: wtf fucking idiot
(19:14 / All) Theory-: run faggot
(19:17 / All) Sieg.Heil: You can leave now, enemy team. You lost and it's ovr
(19:46 / All) Sieg.Heil: Save yourselves the butthurt and leave now
(19:59 / Allies) DaiDai: whats ur fucking problem stupid yellow
(20:08 / All) bangolabud.: shut up teal quit making fun of my sister
(20:20 / Allies) DaiDai: what sister? u fucking cunt
(21:00 / All) DaiDai: yellow is tking
(21:07 / All) Sieg.Heil: Yeah, I told you that you lost and can leave
(21:08 / Allies) z.ro: why?
(21:11 / All) Sieg.Heil: and that I have a reich spy
(21:12 / All) z.ro: what the fuck is going on
(21:13 / All) z.ro: hahaha
(21:19 / All) Sieg.Heil: That's how I had all that info btw
(21:20 / All) Sieg.Heil: Not mh
(21:24 / All) z.ro: such a shitty
(21:26 / All) z.ro: game lol
(21:33 / All) Sieg.Heil: For you maybe
(21:36 / All) z.ro: i dont even care bout the game
(21:37 / All) Sieg.Heil: You are just another victim
(21:41 / All) Sieg.Heil: Then leave
(21:42 / All) z.ro: nah im good
(21:43 / All) z.ro: haha
(21:45 / All) z.ro: peace
(21:49 / All) Sieg.Heil: Bye
(21:54 / All) bangolabud.: this is why id
(22:22 / All) bangolabud.: this is why i didn't want to kill them this early
(23:14 / All) Sieg.Heil: Now we got to kill all of our stuff since nigger red is still here
(23:24 / All) KuKIuxKnight: I never bought a tp after I wasted my first one and lost my hero because of it
(24:12 / All) bangolabud.: red ur lucky
(24:19 / All) Sieg.Heil: He won't get the win
(24:30 / All) Theory-: who care won or lost
(24:38 / All) Theory-: only noober like killing teammate
(24:40 / All) bangolabud.: u do obviously, since ur still in the game
(24:42 / All) Sieg.Heil: You lose. If you don't care, leave and search more
(24:48 / All) Theory-: coz his ass want to get fucked
(24:53 / All) Sieg.Heil: Oh really?
(25:00 / All) Theory-: why?
(25:12 / All) Theory-: i can do what I want here
(25:17 / All) Sieg.Heil: I don't know. Tell me why you like being raped by three man gangbangs so much in WC3.
(25:21 / All) Theory-: you can kill all of your bldg to let them win faggot
(25:26 / All) Sieg.Heil: Obviously you cannot or else you would not have been mass-BSed
(26:11 / All) Theory-: you guys are lucky coz my teammate eat too much shit and now playing like this.
(26:14 / All) Theory-: nice work'
(26:20 / All) KuKIuxKnight: bro just kill your shit already
(26:32 / All) KuKIuxKnight: and we can start another game
(26:49 / All) bangolabud.: !5k gold
(26:52 / All) Theory-: kill faster faggot....
(26:54 / All) KuKIuxKnight: unnecessary to kill my hero btw I gave you control if you didn't want it to kill your buildings click off htem
(27:01 / All) Sieg.Heil: You were attacking with my gargs
(27:04 / All) Sieg.Heil: Er, yours
(27:09 / All) KuKIuxKnight: yeah the buildings
(27:11 / All) Sieg.Heil: I couldn't be too careful
(27:17 / All) bangolabud.: which one of u was complaining that blue had tanks, he only had one tank
(27:17 / All) KuKIuxKnight: I gave you control
(27:23 / All) Sieg.Heil: He did
(27:28 / All) KuKIuxKnight: one tank lol
(27:39 / All) bangolabud.: i had both islands my team was never a threat with my 10 beastaries
(27:39 / All) Sieg.Heil: Want me to kill one of my heroes for you to make up for it?
(27:40 / All) KuKIuxKnight: at the time
(27:52 / All) KuKIuxKnight: yeah but I don't want to lose my base
(27:56 / All) KuKIuxKnight: due to surprise buttsex
(27:57 / All) KuKIuxKnight: from tanks
(27:59 / All) bangolabud.: u didnt i wouldn't let them
(28:03 / All) bangolabud.: i wnated him to kill red
(28:21 / All) bangolabud.: i was in complete control, just like goku
(28:31 / All) Theory-: this is why more players stop playin normal game.... nice work pink. I can pretty sure you are homo noob
(28:34 / All) bangolabud.: you 2 were goten and kid trunks
(28:40 / All) KuKIuxKnight: It's because the game is 10 years old
(28:45 / All) KuKIuxKnight: and there are new games in the same genre
(28:55 / All) KuKIuxKnight: and other interesting competitive games to play in other genres
(29:04 / All) Sieg.Heil: 2 buildings left
(29:22 / All) Sieg.Heil: I killed my MK to make up for the DK
(29:27 / All) bangolabud.: free raiders in middle
(29:31 / All) KuKIuxKnight: 'Tis silly
(29:36 / All) Theory-: lucky
(29:56 / All) Theory-: free win yelo
(30:03 / All) bangolabud.: ty for free win
(30:04 / All) Sieg.Heil: He is on our team. Are you that daft?
(30:05 / All) Theory-: knew each other?
(30:10 / All) Sieg.Heil: This was arranged team vs random team
(30:14 / All) Theory-: playing 3p?
(30:15 / All) KuKIuxKnight: and there is no new blood in war3
(30:17 / All) KuKIuxKnight: really
(30:17 / All) Theory-: everytime?
(30:19 / All) Sieg.Heil: Last building. Any last funny words, funnyman red?
(30:21 / All) Sieg.Heil: yes
(30:29 / All) KuKIuxKnight: it's not on the store shelves other than maybe battle pack
(30:37 / All) Theory-: kill faster
(30:40 / All) Sieg.Heil: Any last words red?
(30:52 / All) Sieg.Heil: Okay, bye